 Dungeon Crawl Stone Soup version 0.27-a0-906-g0a00ce863d (webtiles) character file.

Game seed: 17665493342000029245

1475 jestyr24 the Thaumaturge (level 8, -1/52 HPs)
             Began as a Djinni Conjurer on Apr 6, 2021.
             Was a Believer of Makhleb.
             Slain by a gnoll
             ... wielding a +0 spear
              (7 damage)
             ... on level 6 of the Dungeon on Apr 7, 2021.
             The game lasted 00:22:29 (5583 turns).

jestyr24 the Thaumaturge (Djinni Conjurer)          Turns: 5583, Time: 00:22:30

Health: -1/52      AC:  2    Str:  6    XL:     8   Next: 78%
Gold:   191        EV: 12    Int: 22    God:    Makhleb [**....] SH:  5 Dex: 12

rFire    + + .     SeeInvis .   D - +5 dagger
rCold    . . .     Faith    +   G - +0 buckler
rNeg     + . .     Spirit   .   a - +0 robe
rPois    ∞         Reflect  .   (no helmet)
rElec    .         Harm     .   (no cloak)
rCorr    .         Rampage  .   (no gloves)
Will     .....                  (boots unavailable)
Stlth    ++........             c - amulet of faith
HPRegen  0.17/turn              l - ring of protection from cold
MPRegen  0.00/turn              r - ring of positive energy

@: about to teleport, flying
A: fire resistance 2, cold vulnerability 1, float, innate caster, hp casting,
extra vitality 1
a: Renounce Religion, Minor Destruction


You were on level 6 of the Dungeon.
You worshipped Makhleb.
Makhleb was pleased with you.
You visited 1 branch of the dungeon, and saw 6 of its levels.

You collected 191 gold pieces.

Inventory:

Hand Weapons
 e - a +3 dagger
 m - a +0 rapier
 u - a +0 hand crossbow
 y - a +0 mace of holy wrath
 D - a +5 dagger (weapon)
Missiles
 i - 20 poisoned darts
 E - a throwing net
Armour
 a - a +0 robe (worn)
 G - a +0 buckler (worn)
Jewellery
 c - an amulet of faith (around neck)
 l - a ring of protection from cold (left hand)
 r - a ring of positive energy (right hand)
Wands
 v - a wand of polymorph (18)
 B - a wand of paralysis (12)
 C - a wand of random effects (10)
 F - a wand of flame (22)
Scrolls
 d - a scroll of brand weapon {unknown}
 f - a scroll of amnesia {unknown}
 h - a scroll of fear {unknown}
 n - a scroll of immolation {unknown}
 o - a scroll of fog {unknown}
 p - a scroll of summoning {unknown}
 q - 2 scrolls of noise
 t - 2 scrolls of enchant weapon {unknown}
 x - 6 scrolls of identify {unknown}
 A - a scroll of enchant armour {unknown}
Potions
 b - 2 potions of lignification {unknown}
 g - 2 potions of attraction {unknown}
 j - 4 potions of might {unknown}
 k - 2 potions of curing {unknown}
 w - 2 potions of flight {unknown}
 z - a potion of haste


   Skills:
 - Level 1.0 Fighting
 + Level 3.0 Dodging
 - Level 3.1 Stealth
 - Level 4.4 Shields
 + Level 8.2 Spellcasting


You had 4 spell levels left.
You knew the following spells:

 Your Spells              Type           Power      Damage    Failure   Level
a - Magic Dart            Conj           100%       1d8       1%          1
b - Searing Ray           Conj           90%        3d6       1%          2
c - Dazzling Flash        Conj/Hex       90%        N/A       1%          3
d - Fulminant Prism       Conj/Hex       22%        3d13      2%          4
e - Iskenderun's Mystic   Conj/Tloc      45%        2d10      2%          4
f - Shock                 Conj/Air       100%       1d9       1%          1
g - Call Imp              Summ           45%        N/A       1%          2
h - Passwall              Tmut/Erth      37%        N/A       1%          2
Your spell library was empty.

Dungeon Overview and Level Annotations

Branches:
Dungeon (6/15)
 Temple: D:4-7

Altars:
Gozag
Makhleb
Uskayaw

Shops:
D:1 :   D:2 :


Innate Abilities, Weirdness & Mutations

You are immune to poison.
Your flesh is very heat resistant. (rF++)
You are vulnerable to cold. (rC-)
You float through the air rather than walking.
You learn spells naturally, not from books.
Your magical power is your life essence.
You have superior vitality. (+4 HP)


Message History

Press: ? - help, Shift-Dir - straight line, f/p - orc
Aim: an orc, wielding a +0 flail and wearing a +0 ring mail (lightly wounded, 0% to evade)
The magic dart hits the orc.
The orc is heavily wounded.
Casting: Magic Dart (safe; 1% risk of failure)
Confirm with . or Enter, or press ? or * to list all spells.
Aiming: Magic Dart (safe; 1% risk of failure)
Press: ? - help, Shift-Dir - straight line, f/p - orc
Aim: an orc, wielding a +0 flail and wearing a +0 ring mail (heavily wounded, 0% to evade)
The magic dart hits the orc.
The orc is almost dead.
The sentinel's mark upon you fades away.
Casting: Magic Dart (safe; 1% risk of failure)
Confirm with . or Enter, or press ? or * to list all spells.
Aiming: Magic Dart (safe; 1% risk of failure)
Press: ? - help, Shift-Dir - straight line, f/p - orc
Aim: an orc, wielding a +0 flail and wearing a +0 ring mail (almost dead, 0% to evade)
The magic dart hits the orc but does no damage.
The orc is almost dead.
Casting: Magic Dart (safe; 1% risk of failure)
Confirm with . or Enter, or press ? or * to list all spells.
Aiming: Magic Dart (safe; 1% risk of failure)
Press: ? - help, Shift-Dir - straight line, f/p - orc
Aim: an orc, wielding a +0 flail and wearing a +0 ring mail (almost dead, 0% to evade)
The magic dart hits the orc but does no damage.
The orc is almost dead.
A centaur comes into view.
The centaur wields a +0 shortbow.
The centaur shoots an arrow.
The arrow hits you!
* * * LOW HITPOINT WARNING * * *
A black bear and 2 gnolls come into view.
The gnoll shouts!
The gnoll hits you with a +0 spear!
* * * LOW HITPOINT WARNING * * *
The black bear moves out of view.
You see here a necrophage corpse.
As you read the scroll of teleportation, it crumbles to dust.
You feel strangely unstable.
The centaur shoots an arrow.
You block the arrow. The orc misses you. The gnoll hits you with a +0 spear!
You die...

#.#.#.....#
.#..[......# ##
.#....##...# ##.
#h#.........# ..
#.#†###.#.#.#
###.##.(.....#.#.#
#.#'#.g..#####)#.# #
#....)g........#.# #
#..#.@##########.###
#
#.....o............#
#
#.#.....)...........#
# #.................#
#
#....†............###
#...........)........
#..........##########
#......c...########..
#........[.).........


You could see a black bear, a centaur, 2 gnolls and an orc.

Vanquished Creatures
  Sigmund (D:2)
  Edmund (D:6)
  An orc warrior (D:6)
  A sky beast (D:6)
  2 necrophages
  A gnoll sergeant (D:6)
  A bullfrog (D:6)
  2 scorpions
  2 water moccasin skeletons (D:6)
  2 centaur zombies
  A hound (D:6)
  A centaur skeleton (D:6)
  2 gnoll shamans (D:6)
  Jessica (D:2)
  2 orc wizards
  5 gnolls (D:6)
  2 howler monkey skeletons (D:6)
  2 adders
  A shadow imp (D:5)
  An ufetubus (D:6)
  A worm (D:3)
  3 dart slugs
  11 orcs
  3 ball pythons
  4 bats
  6 endoplasms
  4 giant cockroaches
  5 goblins
  9 hobgoblins
  7 jackals
  5 quokkas
  7 kobolds
  5 rats
102 creatures vanquished.

Vanquished Creatures (collateral kills)
  An ogre (D:5)
  A jelly (D:5)
2 creatures vanquished.

Vanquished Creatures (others)
  11 fulminant prisms
11 creatures vanquished.

Grand Total: 115 creatures vanquished

Notes
Turn   | Place    | Note
-------+----------+-------------------------------------------
     0 | D:1      | jestyr24 the Djinni Conjurer began the quest for the Orb.
     0 | D:1      | Reached XP level 1. HP: 15/15 MP: 0/0
   289 | D:1      | Reached XP level 2. HP: 8/21 MP: 0/0
   480 | D:1      | Found Icih's Book Shoppe.
   515 | D:1      | Reached skill level 4 in Spellcasting
  1053 | D:1      | Reached XP level 3. HP: 19/25 MP: 0/0
  1053 | D:1      | Learned a level 1 spell: Shock
  1339 | D:2      | Noticed Jessica
  1344 | D:2      | Killed Jessica
  1345 | D:2      | Reached XP level 4. HP: 23/31 MP: 0/0
  1483 | D:2      | Found Nixoehag's Book Emporium.
  1483 | D:2      | Noticed Sigmund
  1490 | D:2      | Killed Sigmund
  1491 | D:2      | Reached skill level 5 in Spellcasting
  1491 | D:2      | Reached XP level 5. HP: 27/36 MP: 0/0
  1491 | D:2      | Learned a level 2 spell: Call Imp
  1665 | D:2      | Found a faded altar of an unknown god.
  1695 | D:2      | Reached XP level 6. HP: 34/41 MP: 0/0
  1710 | D:2      | Became a worshipper of Makhleb the Destroyer
  1710 | D:2      | Reached * piety under Makhleb
  2791 | D:3      | Reached skill level 6 in Spellcasting
  2867 | D:4      | Noticed a necrophage
  2874 | D:4      | Killed a necrophage
  2907 | D:4      | Reached ** piety under Makhleb
  3361 | D:5      | Entered Level 5 of the Dungeon
  3418 | D:5      | Found an opulent altar of Gozag.
  3441 | D:5      | Reached XP level 7. HP: 41/46 MP: 0/0
  3441 | D:5      | Learned a level 2 spell: Passwall
  4309 | D:5      | Found a hide-covered altar of Uskayaw.
  4320 | D:5      | Reached skill level 7 in Spellcasting
  5087 | D:6      | Noticed Edmund
  5099 | D:6      | Killed Edmund
  5118 | D:6      | Reached XP level 8. HP: 21/51 MP: 0/0
  5129 | D:6      | Reached skill level 8 in Spellcasting
  5141 | D:6      | Reached skill level 1 in Fighting
  5583 | D:6      | Slain by a gnoll

Illustrated notes

Levels and vault maps discovered:
D:1:      dpeg_cavernosity, layout_rooms, serial_shops, shop, minmay_vboxes
D:2:      layout_rooms, basic_ecumenical_altar, serial_shops, shop,
          uniq_jessica, uniq_sigmund
D:3:      layout_loops_cross
D:4:      layout_basic
D:5:      layout_layer_cave, nicolae_uskayaw_dance_hall, lemuel_crystal_altar
D:6:      layout_basic, minmay_joined_circles, uniq_edmund

Skill      XL: |  1  2  3  4  5  6  7  8 |
---------------+-------------------------+-----
Spellcasting   | 4 5 6 7 8 |  8.2
Stealth        | 2 3 |  3.1
Fighting       | 1 |  1.0
Dodging        | 3 |  3.0
Shields        | 4 |  4.4

Action                   |  1- 3 |  4- 6 |  7- 9 || total
-------------------------+-------+-------+-------++-------
Melee: Dagger            |     4 |       |       ||     4
 Cast: Magic Dart        |    37 |    60 |    35 ||   132
       Searing Ray       |     2 |    14 |    20 ||    36
       Shock             |     3 |       |       ||     3
       Fulminant Prism   |       |       |    11 ||    11
       Call Imp          |       |       |     7 ||     7
       Iskenderun's Myst |       |       |     5 ||     5
  Use: Scroll            |       |       |     3 ||     3
Armor: Robe              |     1 |     2 |     7 ||    10
Dodge: Dodged            |     3 |     5 |    15 ||    23
Block: Buckler           |       |       |     3 ||     3

Table legend: (Time is in decaauts)
 A = Elapsed time spent in this place.
 B = Non-inter-level travel time spent in this place.
 C = Inter-level travel time spent in this place.
 D = Time resting spent in this place.
 E = Time spent auto-exploring this place.
 F = Levels seen in this place.
 G = Mean time per level.
                   A        B        C        D        E       F      G
               +--------+--------+--------+--------+--------+-----+--------+
         Total |   5581 |   5444 |    137 |   1062 |   3745 |   6 |  930.2 |
       Dungeon |   5581 |   5444 |    137 |   1062 |   3745 |   6 |  930.2 |
               +--------+--------+--------+--------+--------+-----+--------+

Top non-repeatable levels by time:
     D:5: 1851 daAuts
     D:1: 1252 daAuts
     D:3: 802 daAuts
     D:2: 780 daAuts
     D:4: 523 daAuts
     D:6: 371 daAuts
